Frizzbo, neutral female gnomish Wizard # ------------ ------.--------- |....^.....| |...........*..| #......<....| |..............-# #|..........| ##...............|# ##-..........| # ----------------# ##----.------- ### # ##### ### #######* -------- # # # # # ---.--- |..<....##########################**### # ## #.*....| |......| # # # --.--- ###|.....| |_......## # # --....-- # |.....| -------- #### # |.......###### ------- #-------------# |......| #|............#Y##.......| #|...........|# |......| #|..f.....)..-# -------- #..Gdd[......| ------------- Frizzbo the Thaumaturge Experience level: 7 Strength: 10 Dexterity: 11 Constitution: 12 Intelligence: 17 Wisdom: 19 Charisma: 9 Health: 0(43) Energy: 119(126) Def: 0 Gold: 590 Moves: 4261 Dungeon seed: sySnDroPzmCSFXE5 Game ID: Frizzbo_1466005526 Your Inventory: Coins $ - 590 gold pieces Amulets p - an uncursed amulet of reflection (being worn) Weapons f - an uncursed +2 aklys (weapon in hand) Armor e - an uncursed burnt +0 cloak of magic resistance (being worn) n - an uncursed +0 elven mithril-coat r - an uncursed +0 elven leather helm Y - a cursed -1 pair of elven boots Comestibles i - 2 uncursed eggs v - 3 uncursed eucalyptus leaves R - an uncursed tripe ration W - an uncursed food ration Z - an uncursed Green-elf corpse Scrolls z - a blessed scroll of food detection T - an uncursed scroll of enchant armor Spellbooks P - an uncursed spellbook of jumping Potions h - a blessed potion of see invisible l - 2 uncursed potions of water s - an uncursed potion of gain ability M - an uncursed potion of extra healing Rings w - an uncursed ring of invisibility y - an uncursed ring of poison resistance F - an uncursed ring of stealth Wands t - an uncursed wand of undead turning (0:5) x - an uncursed wand of cold (0:6) J - an uncursed wand of teleportation (0:6) O - an uncursed wand of undead turning (0:6) Tools m - an uncursed lock pick o - an uncursed magic marker (0:62) G - an uncursed towel L - an uncursed bugle U - an uncursed skeleton key Gems q - an uncursed worthless piece of black glass N - an uncursed worthless piece of yellow glass Spells and supernatural/magical abilities: Name Level Category Fail Memory a - force bolt 1 attack 0% 79% h - healing 1 healing 0% 79% j - jumping 1 escape 0% 96% W - pray for help -- divine ? -- Your skills at the end: Miscellaneous Skills wands [Basic] Weapon Skills club [Basic] quarterstaff [Basic] crossbow [Basic] Spellcasting Skills attack spells [Basic] enchantment spells [Basic] Final Attributes: You were fervently aligned. You were magic-protected. You had infravision. You had reflection. You are dead. Vanquished creatures: a large mimic a lynx a leprechaun 2 lizards a Green-elf a dingo a gnome mummy an ape a shrieker a gray ooze a giant ant 4 floating eyes a homunculus a kobold lord a rothe a monkey a werejackal 5 coyotes 2 gas spores a hobbit 6 geckos 3 giant rats 2 brown molds a green mold 2 red molds 7 jackals 2 kobolds 9 newts 2 goblins 4 sewer rats a grid bug 3 lichens 3 kobold zombies 74 creatures vanquished. Voluntary challenges: You used a wielded weapon 64 times, starting on turn 55. You did not apply a unicorn horn. You read items or engraved 10 times, starting on turn 1110. You never genocided any monsters. You never polymorphed an object. You never changed form. You used no wishes. You never split a pudding. You never wrote Elbereth's name. You violated your moral code, losing 3 points of alignment, starting on turn 3624. Dungeon overview: The Dungeons of Doom: levels 1 to 7 Level 1 a long staircase Level 2 a general store Level 3 a sink Level 4 a general store, a fountain a long staircase Level 5 Level 6 many fountains Level 7 <- You were here an altar to Thoth a long staircase History has recorded: On T:1 you entered the Dungeons of Doom to retrieve the Amulet of Yendor! On T:438 you reached level 2 of The Dungeons of Doom. On T:748 you advanced to experience level 2. On T:1409 you advanced to experience level 3. On T:1438 you reached level 3 of The Dungeons of Doom. On T:1826 you reached level 4 of The Dungeons of Doom. On T:2062 you advanced to experience level 4. On T:2234 you reached level 5 of The Dungeons of Doom. On T:2635 you advanced to experience level 5. On T:2972 you reached level 6 of The Dungeons of Doom. On T:3246 you advanced to experience level 6. On T:3247 you received advice from The Oracle. On T:3247 you advanced to experience level 7. On T:3621 you reached level 7 of The Dungeons of Doom. Score breakdown: Gold: 590 ( 59 points) Experience: 7 levels ( 600 points) Exploration: 7 levels ( 180 points) Discoveries: 6 items ( 300 points) Variety of kills: 33 monsters ( 1650 points) Major goal: (nothing yet) ( 0 points) Survival: died (score multiplied by 3) Total score: 8367 Latest messages: The spell hits the Green-elf! You kill the Green-elf! There are several objects here. r - a leather hat. Z - a Green-elf corpse. You stagger under your heavy load. Movement is very hard. Taco picks up a faded pall. Taco drops a faded pall. The winter wolf cub breathes frost! The blast of frost hits Taco! The blast of frost bounces! God picks up a faded pall. God drops a faded pall. God bites the winter wolf cub. The winter wolf cub misses God. (2x) God misses the winter wolf cub. The winter wolf cub bites God. The winter wolf cub bites! (3x) The spell hits the winter wolf cub! The winter wolf cub bites! (2x) You die... Final status: Goodbye Frizzbo the Wizard, killed by a winter wolf cub... You died in The Dungeons of Doom on dungeon level 7 with 8367 points, and 590 pieces of gold, after 4261 moves. You were level 7 with a maximum of 43 hit points when you died.